Map: Galactic Process LE

Players

You - Winner!

  • Race: Protoss Protoss
  • League: Gold
  • Spawn Location: 7:00

Fropez

  • Race: Protoss Protoss
  • League: Gold
  • Spawn Location: 1:00

VOD

Have the link to the VOD?

Description

Time

  • Played on: Oct. 22, 2016, 6:23 p.m.
  • Length: 7:17
Show
View Real Time Build Order
Export as new Build Order

You Protoss - Winner!

Build Orders: 1 Gate Expand 

Get SALT Encoding   

  12  0:01  Probe (Chrono Boost)  
  13  0:11  Probe (Chrono Boost)  
  14  0:17  Pylon  
  14  0:23  Probe (Chrono Boost)  
  15  0:37  Gateway  
  15  0:39  Probe (Chrono Boost)  
  16  0:45  Assimilator  
  16  0:50  Probe (Chrono Boost)  
  17  1:00  Probe (Chrono Boost)  
  18  1:11  Probe (Chrono Boost)  
  19  1:21  Probe (Chrono Boost)  
  20  1:35  Nexus  
  20  1:43  Cybernetics Core  
  20  1:50  Assimilator  
  20  1:51  Probe (Chrono Boost)  
  21  2:01  Probe (Chrono Boost)  
  22  2:09  Pylon  
  22  2:13  Probe (Chrono Boost), Warp Gate (Chrono Boost)  
  22  2:23  Probe (Chrono Boost)  
  22  2:27  Adept (Chrono Boost)  
  25  2:38  Robotics Facility  
  25  2:42  Probe  
  26  2:46  Probe  
  27  2:54  Probe  
  28  2:58  Probe  
  28  2:59  Adept (Chrono Boost)  
  31  3:09  Gateway  
  31  3:15  Gateway  
  31  3:24  Gateway  
  32  3:27  Probe x2 (Chrono Boost)  
  33  3:39  Probe (Chrono Boost)  
  33  3:40  Probe (Chrono Boost)  
  35  3:48  Probe (Chrono Boost)  
  35  3:49  Warp Prism (Chrono Boost)  
  35  3:51  Mothership Core  
  40  3:59  Probe  
  40  4:01  Pylon  
  40  4:02  Pylon  
  41  4:09  Probe  
  42  4:21  Observer (Chrono Boost)  
  43  4:30  Stalker x4  
  51  4:37  Probe x2  
  53  4:40  Observer (Chrono Boost)  
  54  4:54  Adept x2  
  54  4:55  Adept x2  
  62  5:04  Pylon  
  62  5:06  Pylon  
  62  5:08  Pylon  
  62  5:10  Pylon  
  62  5:23  Stalker x3  
  62  5:24  Stalker  
  70  5:47  Stalker  
  70  5:48  Stalker  
  72  5:50  Stalker x2  
  68  6:11  Adept  
  68  6:12  Adept  
  68  6:13  Adept x2  
  74  6:32  Adept x2  
  76  6:33  Adept  
  76  6:34  Adept  
  76  6:37  Pylon  
  76  6:39  Pylon  
  82  6:42  Pylon  
  68  7:11  Stalker x2  
  68  7:12  Stalker x2  
Show
View Real Time Build Order
Export as new Build Order

Fropez Protoss 

Build Orders:  

Get SALT Encoding   

  12  0:01  Probe (Chrono Boost)  
  13  0:11  Probe (Chrono Boost)  
  14  0:19  Pylon  
  14  0:22  Probe (Chrono Boost)  
  15  0:37  Probe (Chrono Boost)  
  15  0:39  Gateway  
  16  0:48  Probe (Chrono Boost)  
  17  0:51  Assimilator  
  17  0:58  Probe (Chrono Boost)  
  18  1:05  Gateway  
  18  1:09  Probe (Chrono Boost)  
  19  1:20  Probe (Chrono Boost)  
  20  1:29  Cybernetics Core  
  20  1:30  Probe (Chrono Boost)  
  21  1:52  Probe (Chrono Boost)  
  22  1:54  Pylon  
  22  2:09  Nexus  
  22  2:15  Pylon  
  22  2:20  Mothership Core (Chrono Boost)  
  24  2:24  Assimilator  
  24  2:38  Probe (Chrono Boost)  
  25  2:49  Probe (Chrono Boost), Stalker  
  28  2:51  Stalker  
  28  2:57  Gateway  
  30  2:59  Probe (Chrono Boost)  
  31  3:06  Warp Gate (Chrono Boost)  
  31  3:10  Probe (Chrono Boost)  
  32  3:22  Probe  
  32  3:23  Pylon  
  32  3:25  Probe  
  34  3:29  Stalker  
  34  3:31  Stalker  
  34  3:34  Probe  
  39  3:40  Probe  
  40  3:52  Forge  
  40  3:56  Probe  
  40  3:57  Twilight Council  
  40  3:59  Probe  
  44  4:11  Adept (Chrono Boost)  
  44  4:15  Probe  
  45  4:24  Probe  
  45  4:28  Probe  
  47  4:33  Adept (Chrono Boost)  
  47  4:34  Pylon, Blink (Chrono Boost)  
  47  4:36  Probe  
  47  4:37  Pylon  
  50  4:40  Probe, Protoss Ground Weapons Level 1 (Chrono Boost)  
  51  4:55  Adept  
  51  5:02  Probe  
  52  5:11  Probe  
  52  5:13  Gateway  
  52  5:14  Gateway  
  52  5:43  Pylon  
  52  5:45  Pylon  
  52  5:46  Pylon  
  48  5:55  Stalker  
  48  5:56  Stalker x2  
  28  6:27  Stalker x3  
  34  6:52  Stalker x2  
  38  6:54  Stalker  
Tags
 
Add a new tag
Caveats
  • Supply blocks, unpowered buildings, or Contaminate may cause inaccurate times.
  • Supply counts are checked every 10 seconds.